 Dungeon Crawl Stone Soup version 0.20.1-1-g8b1a95d (webtiles) character file.

2 tidbits the Insei (level 1, 15/15 HPs)
             Began as a Demigod Transmuter on Aug 31, 2017.
             Quit the game on level 2 of the Dungeon.
             The game lasted 00:00:48 (72 turns).

tidbits the Insei (Demigod Transmuter)                Turns: 72, Time: 00:00:48

Health: 15/15      AC:  2    Str: 13    XL:     1   Next: 26%
Magic:  5/5        EV: 12    Int: 17    God:
Gold:   8          SH:  0    Dex: 16    Spells: 3/4 levels left

rFire    . . .     SeeInvis .   f - -2 long sword (curse)
rCold    . . .     Gourm    .   (no shield)
rNeg     . . .     Faith    .   b - +0 robe
rPois    .         Spirit   .   (no helmet)
rElec    .         Reflect  .   (no cloak)
rCorr    .         Harm     .   (no gloves)
MR       .....                  (no boots)
Stlth    +.........             (no amulet)
Regen    0.1/turn               (no ring)
MPRegen  0.1/turn               (no ring)

@: no status effects
A: high mp 1
a: no special abilities


You were on level 2 of the Dungeon.
You were not hungry.

You visited 1 branch of the dungeon, and saw 2 of its levels.

You collected 8 gold pieces.

Inventory:

Hand Weapons
 f - a cursed -2 long sword (weapon)
Missiles
 a - 12 arrows
 e - 22 stones (quivered)
Armour
 b - a +0 robe (worn)
Books
 c - a book of Changes

   Spells                             Type                      Level
   a - Beastly Appendage              Transmutation                1
   b - Sticks to Snakes               Transmutation                2
   c - Spider Form                    Transmutation/Poison         3
   d - Ice Form                       Ice/Transmutation            4
   e - Blade Hands                    Transmutation                5
Comestibles
 d - a bread ration


   Skills:
 - Level 0.8 Fighting
 - Level 1.7 Dodging
 - Level 2.6 Unarmed Combat
 + Level 2.0 Spellcasting
 - Level 1.7 Transmutations


You had 3 spell levels left.
You knew the following spells:

 Your Spells              Type           Power        Failure   Level  Hunger
e - Beastly Appendage     Tmut           #.....       10%         1    #......


Dungeon Overview and Level Annotations

Branches:
Dungeon (2/15)


Innate Abilities, Weirdness & Mutations

You have an increased reservoir of magic. (+10% MP)


Message History

Welcome, tidbits the Demigod Transmuter.
It is said that the Orb of Zot exists deep within this dungeon.
Press ? for a list of commands and other information.
Found 8 gold pieces.
Found a staircase leading out of the dungeon.
You now have 8 gold pieces.
Found 22 stones.
You see here 22 stones.
e - 22 stones
Found a leather armour.
Found a stone staircase leading down.
There is a stone staircase leading down here.
You climb downwards.
There is a stone staircase leading up here.
There is a stone staircase leading up here.
You open the door.
A dart slug comes into view.
Found a glowing long sword.
You close the door.
Casting: Beastly Appendage
Confirm with . or Enter, or press ? or * to list all spells.
You grow a pair of large bovine horns.
You open the door.
Your transformation is almost over.
There is an open door here.
The helpless dart slug fails to defend itself.
You hit the dart slug but do no damage. The dart slug misses you.
You hit the dart slug. You headbutt the dart slug.
You kill the dart slug!
Your Spellcasting skill increases to level 2!
You see here a glowing long sword.
f - a glowing long sword Wield which item (- for none, * to show all)? (? for menu, Esc to quit)
It sticks to your hand!
f - a cursed -2 long sword (weapon)
Your horns disappear.
Okay, then.
Are you sure you want to abandon this character and quit the game? (Confirm with "yes".)

##+##
##...##
##.....##
##.......##
#.........#
+.......†.+
#.........#
##...@...##
##.....##
##...##
##'## #.#
#.# ##.##
##...##
#..<..#


There were no monsters in sight!

Vanquished Creatures
  A dart slug (D:2)
1 creature vanquished.

Notes
Turn   | Place    | Note
-------+----------+-------------------------------------------
     0 | D:1      | tidbits the Demigod Transmuter began the quest for the Orb.
     0 | D:1      | Reached XP level 1. HP: 15/15 MP: 5/5
    67 | D:2      | Reached skill level 2 in Spellcasting
    72 | D:2      | Quit the game

Skill      XL: |  1 |
---------------+----+-----
Spellcasting   | 2 |  2.0
Fighting       | |  0.8
Dodging        | |  1.7
Unarmed Combat | |  2.6
Transmutations | |  1.7

Action                   || total
-------------------------++-------
Melee: Unarmed           ||     2
       Headbutt          ||     1
 Cast: Beastly Appendage ||     1
 Stab: Sleeping          ||     1
Dodge: Dodged            ||     1

Table legend:
 A = Turns spent in this place as a percentage of turns spent in the entire game.
 B = Non-inter-level travel turns spent in this place as a percentage of non-inter-level travel turns spent in the entire game.
 C = Inter-level travel turns spent in this place as a percentage of turns spent in this place.
 D = Turns resting spent in this place as a percentage of non-inter-level travel turns spent in this place.
 E = Turns spent auto-exploring this place as a percentage of non-inter-level travel turns spent in this place.
 F = Non-inter-level travel turns spent in this place divided by the number of levels of this place that you've seen.
                   A       B       C       D       E      F
               +-------+-------+-------+-------+-------+----------------------
         Total | 100.0 | 100.0 |   0.0 |   0.0 |   0.0 |  36.5
       Dungeon | 100.0 | 100.0 |   0.0 |   0.0 |   0.0 |  36.5
               +-------+-------+-------+-------+-------+----------------------

Table legend:
 A = Kills in this place as a percentage of kills in entire the game.
 B = Kills by you in this place as a percentage of kills by you in the entire game.
 C = Kills by friends in this place as a percentage of kills by friends in the entire game.
 D = Other kills in this place as a percentage of other kills in the entire game.
 E = Experience gained in this place as a percentage of experience gained in the entire game.
 F = Experience gained in this place divided by the number of levels of this place that you have seen.
                   A       B       C       D       E      F
               +-------+-------+-------+-------+-------+----------------------
         Total | 100.0 | 100.0 |  -nan |  -nan | 100.0 |   2.0
       Dungeon | 100.0 | 100.0 |  -nan |  -nan | 100.0 |   2.0
               +-------+-------+-------+-------+-------+----------------------

Vault maps used:
D:1:      dpeg_arrival_signposts
